 Dungeon Crawl Stone Soup version 0.24-a0-93-ge1bfdf8 (console) character file.

Game seed: 7331027949276046994

9279 Voker57 the Carver (level 11, -7/88 HPs)
             Began as a Demonspawn Gladiator on Feb 8, 2019.
             Was a Priest of Dithmenos.
             Mangled by a spiny frog (16 damage)
             ... on level 1 of the Lair of Beasts on Feb 11, 2019.
             The game lasted 00:28:17 (13598 turns).

Voker57 the Carver (Demonspawn Gladiator)          Turns: 13598, Time: 00:28:18

Health: -7/88      AC: 12    Str: 15    XL:     11   Next: 21%
Magic:  0/14       EV: 16    Int:  9    God:    Dithmenos [***...]
Gold:   602        SH:  0    Dex: 18    Spells: 11/14 levels left

rFire    + . .     SeeInvis .   a - +1 long sword
rCold    . . .     Gourm    .   (no shield)
rNeg     . . .     Faith    .   h - +1 ring mail {rF+}
rPois    .         Spirit   +   c - +0 helmet
rElec    .         Reflect  .   (no cloak)
rCorr    .         Harm     .   (no gloves)
MR       .....                  (no boots)
Stlth    +++++++...             (no amulet)
HPRegen  0.24/turn              q - +3 ring of protection
MPRegen  0.14/turn              (no ring)

@: wreathed by umbra
A: rugged brown scales 1, nightstalker 2, magic shield
a: Shadow Step, Renounce Religion


You were on level 1 of the Lair of Beasts.
You worshipped Dithmenos.
Dithmenos was most pleased with you.
You were very hungry.

You visited 2 branches of the dungeon, and saw 10 of its levels.
You also visited: Ossuary.

You collected 602 gold pieces.

Inventory:

Hand Weapons
 a - a +1 long sword (weapon)
 b - a +0 dagger of venom
 e - a +1 dagger of venom
Armour
 c - a +0 helmet (worn)
 h - a +1 ring mail of fire resistance (worn)
 s - a +0 leather armour
Jewellery
 q - a +3 ring of protection (left hand)
 x - a +4 ring of intelligence
 G - a +4 ring of intelligence
 I - a cursed amulet of guardian spirit
 K - a +2 ring of protection
 L - an uncursed ring of wizardry
 M - an uncursed ring of fire
Wands
 g - a wand of flame (26)
 C - a wand of polymorph (9)
 E - a wand of iceblast (6)
 F - a wand of paralysis (6)
 H - a wand of acid (6)
 J - a wand of enslavement (9)
Scrolls
 l - 2 scrolls of immolation
 t - 7 scrolls of enchant weapon
 v - a scroll of teleportation
 w - 5 scrolls of remove curse
 y - a scroll of fog
 z - 2 scrolls of enchant armour
 D - a scroll of magic mapping
 N - a scroll of blinking
Potions
 i - 2 potions of lignification {unknown}
 j - a potion of agility {unknown}
 k - 2 potions of ambrosia {unknown}
 m - 3 potions of might
 n - 6 potions of curing
 o - a potion of brilliance {unknown}
 r - a potion of flight {unknown}
 u - 4 potions of haste
 A - a potion of invisibility {unknown}
 B - 2 potions of heal wounds {unknown}
Comestibles
 f - 11 rations


   Skills:
 + Level 8.1 Fighting
 - Level 8.2 Long Blades
 - Level 1.7 Throwing
 + Level 4.2 Armour
 + Level 7.7 Dodging
 - Level 6.7 Stealth
 - Level 2.1 Spellcasting
 + Level 3.1 Conjurations
 + Level 2.6 Air Magic
 + Level 3.0 Poison Magic
 - Level 3.3 Invocations


You had 11 spell levels left.
You knew the following spells:

 Your Spells              Type           Power        Failure   Level  Hunger
a - Mephitic Cloud        Conj/Pois/Air  #.......     50%         3    ####...

Your spell library contained the following spells:

 Spells                   Type           Power        Failure   Level  Hunger
 Magic Dart               Conj           #...         17%         1    ##.....
 Blink                    Tloc           N/A          67%         2    ###....
 Call Imp                 Summ           #.......     67%         2    ###....
 Slow                     Hex            #.......     67%         2    ###....
 Conjure Flame            Conj/Fire      #.......     67%         3    ####...
 Cause Fear               Hex            #.........   99%         4    #####..
 Silence                  Hex/Air        #.........   100%        5    ######.
 Yara's Violent Unravell  Hex/Tmut       #.........   100%        5    ######.
 Deflect Missiles         Chrm/Air       #.........   100%        6    #######
 Discord                  Hex            #.........   100%        8    #######


Dungeon Overview and Level Annotations

Branches:
Dungeon (9/15)             Temple (0/1) D:5            Lair (1/6) D:8
    Orc: D:9-12

Altars:
Cheibriados
Dithmenos
Elyvilon
Kikubaaqudgha
Makhleb
Nemelex Xobeh
Sif Muna
Yredelemnul
The Shining One

Annotations:
D:7 2 runed translucent doors, exclusion: orange crystal statue


Innate Abilities, Weirdness & Mutations

You are partially covered in rugged brown scales. (AC +1, +3% HP)
You are significantly more attuned to the shadows.
When hurt, damage is shared between your health and your magic reserves.


Message History

You are lethally poisoned!
The spiny frog poisons you!
Throwing (i - inventory)
d - a throwing net (quivered)
Press: ? - help, Shift-Dir - straight line, f - spiny frog
Aim: a spiny frog (severely wounded, umbra)
You throw a throwing net.
The throwing net completely misses the spiny frog.
* * * LOW HITPOINT WARNING * * *
You feel very sick. The spiny frog stings you!
* * * LOW HITPOINT WARNING * * *
You feel better. The spiny frog stings you!
* * * LOW HITPOINT WARNING * * *
You are lethally poisoned!
The spiny frog poisons you!
You feel better.
The spiny frog closely misses you. x2; You riposte.
You hit the spiny frog but do no damage.
The spiny frog is severely wounded.
The spiny frog stings you!
You die...

. .##P## ## ###
##.#....# .###.#
.(#...## .....#
##.....# ###..##
#.....#
##.#.#######....##
##..#.P##....###.#
#............P##.#
.....##..###..##F#
.#...##..#
#...#@##
##..####.#
##.....#
######..## ##....#
#......###.......#
#.#####..##.......
# #..........#
##.....###.##
#....... ##...#..P
#...#....


You could see a spiny frog.

Vanquished Creatures
  Erolcha (D:9)
  5 elephants
  Joseph (D:9)
  A spiny frog (Lair:1)
  A troll (D:9)
  A hornet (D:8)
  A hippogriff (D:9)
  Eustachio (D:5)
  4 yaks (Lair:1)
  A human (D:2)
  A water moccasin (D:5)
  A porcupine (Lair:1)
  3 ice beasts
  3 orc warriors
  2 sky beasts (D:8)
  2 phantoms
  A necrophage (D:7)
  A black bear (D:8)
  A centaur (D:7)
  2 ogres
  3 wolves (Lair:1)
  5 bullfrogs
  10 scorpions
  A wyvern skeleton (D:9)
  8 killer bees (D:8)
  A howler monkey (D:7)
  9 crimson imps
  A jelly (D:5)
  2 bullfrog zombies
  3 human zombies (Ossuary)
  Crazy Yiuf (D:5)
  6 orc priests
  5 hounds
  5 orc wizards
  A bullfrog skeleton (D:5)
  A human skeleton (D:2)
  4 iguanas
  Ijyb (D:3)
  Terence (D:3)
  4 worker ants
  2 big kobold zombies (Ossuary)
  3 mummies (Ossuary)
  A howler monkey zombie (D:6)
  11 gnolls
  2 scorpion zombies (Ossuary)
  8 adders
  2 shadow imps
  An ooze (D:4)
  2 adder skeletons
  3 worms
  4 dart slugs
  7 leopard geckos
  28 orcs
  4 bats
  7 giant cockroaches
  2 gnoll zombies (Ossuary)
  7 goblins
  4 hobgoblins (D:1)
  18 jackals
  5 quokkas
  4 ball pythons
  3 frilled lizards
  A giant cockroach zombie (D:6)
  2 goblin zombies (Ossuary)
  A hobgoblin zombie (Ossuary)
  9 kobolds
  A kobold zombie (Ossuary)
  5 orc zombies (Ossuary)
  5 rats
258 creatures vanquished.

Vanquished Creatures (others)
  2 scorpions (Ossuary)
  An adder (D:2)
  A bat (D:2)
  A frilled lizard (D:2)
  2 plants (Lair:1)
7 creatures vanquished.

Grand Total: 265 creatures vanquished

Notes
Turn   | Place    | Note
-------+----------+-------------------------------------------
     0 | D:1      | Voker57 the Demonspawn Gladiator began the quest for the
                  | Orb.
     0 | D:1      | Reached XP level 1. HP: 16/16 MP: 1/1
   359 | D:1      | Gained mutation: You are slightly more attuned to the
                  | shadows. [demonic ancestry]
   359 | D:1      | Reached XP level 2. HP: 16/22 MP: 2/2
   725 | D:1      | Gained mutation: You are significantly more attuned to the
                  | shadows. [demonic ancestry]
   725 | D:1      | Reached XP level 3. HP: 28/28 MP: 3/3
  1272 | D:2      | Noticed a human
  1273 | D:2      | Found a runed translucent door.
  1285 | D:2      | Reached XP level 4. HP: 25/34 MP: 4/4
  1290 | D:2      | Found a basalt altar of Yredelemnul.
  1569 | D:2      | Killed a human
  1569 | D:2      | Reached skill level 1 in Stealth
  1569 | D:2      | Reached XP level 5. HP: 4/41 MP: 5/5
  2468 | D:3      | Noticed Terence
  2477 | D:3      | Killed Terence
  2477 | D:3      | Reached XP level 6. HP: 41/47 MP: 6/6
  2581 | D:3      | Found a deep blue altar of Sif Muna.
  2666 | D:3      | Noticed Ijyb
  2710 | D:3      | Killed Ijyb
  3472 | D:4      | Reached skill level 5 in Long Blades
  3501 | D:4      | Found a sand-covered staircase.
  3523 | Ossuary  | Entered an ossuary
  3653 | Ossuary  | Reached XP level 7. HP: 33/53 MP: 7/7
  4768 | Ossuary  | Reached XP level 8. HP: 31/61 MP: 8/8
  5244 | D:4      | Found a sparkling altar of Nemelex Xobeh.
  5365 | D:5      | Entered Level 5 of the Dungeon
  5383 | D:5      | Found a runed translucent door.
  5385 | D:5      | Noticed Crazy Yiuf
  5396 | D:5      | Killed Crazy Yiuf
  5508 | D:5      | Found a burning altar of Makhleb.
  5509 | D:5      | Noticed a blizzard demon
  5511 | D:5      | Noticed a hellwing
  5699 | D:5      | Reached skill level 5 in Fighting
  5699 | D:5      | Reached skill level 5 in Dodging
  5750 | D:5      | Found a shadowy altar of Dithmenos.
  5826 | D:5      | Noticed Eustachio
  5854 | D:5      | Became a worshipper of Dithmenos the Shadowed
  5881 | D:5      | Killed Eustachio
  6601 | D:5      | Found a staircase to the Ecumenical Temple.
  6844 | D:6      | Found an ancient bone altar of Kikubaaqudgha.
  6964 | D:6      | Reached XP level 9. HP: 60/68 MP: 9/9
  7623 | D:6      | Reached skill level 5 in Stealth
  7861 | D:7      | Reached * piety under Dithmenos
  8911 | D:7      | Found a runed translucent door.
  8917 | D:7      | Found the +10 large shield of Ignorance {rN+ Int-4}
  8918 | D:7      | Noticed an orange crystal statue
  8948 | D:7      | Reached ** piety under Dithmenos
  8957 | D:7      | Reached skill level 1 in Armour
  9015 | D:7      | Found a runed translucent door.
  9097 | D:7      | Found a glowing golden altar of the Shining One.
  9654 | D:8      | Reached skill level 1 in Invocations
  9654 | D:8      | Gained mutation: When hurt, damage is shared between your
                  | health and your magic reserves. [demonic ancestry]
  9654 | D:8      | Reached XP level 10. HP: 48/77 MP: 10/10
 10173 | D:8      | Found a snail-covered altar of Cheibriados.
 10442 | D:8      | Found a staircase to the Lair.
 10559 | D:9      | Noticed Joseph
 10581 | D:9      | Killed Joseph
 10661 | D:9      | Found a white marble altar of Elyvilon.
 10681 | D:9      | Learned a level 3 spell: Mephitic Cloud
 10917 | D:8      | Reached *** piety under Dithmenos
 11281 | D:9      | Noticed Erolcha
 11299 | D:9      | Killed Erolcha
 11299 | D:9      | Reached skill level 1 in Spellcasting
 11299 | D:9      | Reached skill level 1 in Conjurations
 11299 | D:9      | Reached skill level 1 in Air Magic
 11299 | D:9      | Reached skill level 1 in Poison Magic
 11484 | Lair:1   | Entered Level 1 of the Lair of Beasts
 11654 | Lair:1   | Upgraded the game from 0.24-a0-91-g4e4936a to
                  | 0.24-a0-93-ge1bfdf8
 11684 | Lair:1   | Noticed an elephant
 11813 | Lair:1   | Noticed an elephant
 11814 | Lair:1   | Noticed an elephant
 11814 | Lair:1   | Noticed an elephant
 11850 | D:8      | Killed an elephant
 12182 | Lair:1   | Noticed an elephant
 12311 | Lair:1   | Noticed a spiny frog
 12313 | Lair:1   | Noticed an elephant
 12393 | Lair:1   | Killed an elephant
 12393 | Lair:1   | Gained mutation: You are partially covered in rugged brown
                  | scales. (AC +1, +3% HP) [demonic ancestry]
 12393 | Lair:1   | Reached XP level 11. HP: 22/88 MP: 6/14
 13591 | Lair:1   | HP: 2/88 [spiny frog (14)]
 13598 | Lair:1   | Mangled by a spiny frog

Levels and vault maps discovered:
D:1:      lightli_arrival_quake, layout_basic
D:2:      layout_rooms, dk_yredelemnul_ordeal
D:3:      layout_rooms, old_standard_altar, minmay_fractal_squares_diagonal_5,
          uniq_ijyb, uniq_terence
D:4:      layout_cave_pools, nemelex_xobeh_ov_fountains_minmay, enter_ossuary_1
D:5:      layout_loops_ring, makhleb_altar_promises_db, lemuel_doored_altar,
          temple_hall, first_ration, chequers_serial_rivers_room_a,
          kennysheep_diamond, uniq_crazy_yiuf_cottage, uniq_eustachio
D:6:      layout_gridville, kiku_gazebo_garden_becter
D:7:      layout_basic, nicolae_tso_swordbearing_angel,
          chequers_guarded_unrand_ignorance
D:8:      layout_loops_ring, nicolae_overflow_hidden_temple, lair_entry_dummy
D:9:      layout_cross, nicolae_overflow_crystal_walls, uniq_erolcha,
          uniq_joseph
Lair:1:   layout_layer_cave, basic_altar, minivault_25,
          nicolae_lair_grove_arrangements
Ossuary:  ossuary_minmay_scorpions

Skill      XL: |  1  2  3  4  5  6  7  8  9 10 11 |
---------------+----------------------------------+-----
Long Blades    | 3 4 5 6 7 8 |  8.2
Dodging        | 3 4 5 6 7 |  7.7
Fighting       | 3 4 5 6 7 8 |  8.1
Stealth        | 1 2 3 4 6 |  6.7
Armour         | 2 3 4 |  4.2
Invocations    | 1 3 |  3.3
Spellcasting   | 2 |  2.1
Conjurations   | 2 3 |  3.1
Air Magic      | 2 |  2.6
Poison Magic   | 2 3 |  3.0
Throwing       | |  1.7

Action                   |  1- 3 |  4- 6 |  7- 9 | 10-12 || total
-------------------------+-------+-------+-------+-------++-------
Melee: Long sword        |    97 |   186 |   285 |    87 ||   655
       Dagger            |       |       |   402 |   310 ||   712
Throw: Throwing net      |       |     3 |     4 |     4 ||    11
Invok: Shadow Step       |       |       |     1 |       ||     1
  Use: Potion            |       |     5 |       |     4 ||     9
       Scroll            |       |     3 |    10 |     7 ||    20
 Stab: Sleeping          |     5 |     9 |    21 |    10 ||    45
       Distracted        |       |     1 |     2 |     3 ||     6
       Held in net/web   |       |       |     2 |     2 ||     4
  Eat: Ration            |       |     2 |     1 |     1 ||     4
       Chunk             |       |     2 |    17 |     8 ||    27
Armor: Leather armour    |     4 |       |       |       ||     4
       Ring mail         |    41 |    78 |   191 |    95 ||   405
Dodge: Dodged            |    68 |   147 |   421 |   322 ||   958
       Rpst.: Long sword |    23 |    57 |    42 |    30 ||   152

Table legend:
 A = Non-vault XP
 B = Vault XP
 C = Vault XP percentage of total XP
 D = Non-vault monster count
 E = Vault monster count
 F = Vault count percentage of total count
                 A         B        C        D         E       F
            +---------+---------+-------+---------+---------+-------
      Total |   10337 |    2919 |  22.0 |     213 |      44 |  17.1
            +---------+---------+-------+---------+---------+-------
        D:1 |      64 |       0 |   0.0 |      33 |       0 |   0.0
        D:2 |      42 |     238 |  85.0 |      10 |       2 |  16.7
        D:3 |      87 |     134 |  60.6 |      14 |       9 |  39.1
        D:4 |     205 |       0 |   0.0 |      14 |       0 |   0.0
        D:5 |     621 |     270 |  30.3 |      18 |       3 |  14.3
        D:6 |     925 |       0 |   0.0 |      15 |       0 |   0.0
        D:7 |    1244 |       0 |   0.0 |      40 |       0 |   0.0
        D:8 |    3054 |       0 |   0.0 |      44 |       0 |   0.0
        D:9 |     897 |    1485 |  62.3 |      13 |       2 |  13.3
     Lair:1 |    3198 |       0 |   0.0 |      12 |       0 |   0.0
    Ossuary |       0 |     792 | 100.0 |       0 |      28 | 100.0
            +---------+---------+-------+---------+---------+-------
